 Dungeon Crawl Stone Soup version 0.32-a0-350-g4f4d228 (webtiles) character file.

Game seed: 13937780911050241558

1274 edsrzf the Cleaver (level 8, -9/27 (61) HPs)
             Began as a Mountain Dwarf Reaver on Feb 17, 2024.
             Was a Believer of Okawaru.
             Killed from afar by Maggie (22 damage)
             ... with a bolt of fire
             ... on level 6 of the Dungeon.
             The game lasted 00:13:41 (4998 turns).

edsrzf the Cleaver (Mountain Dwarf Reaver)          Turns: 4998, Time: 00:13:42

HP:   -9/27 (61)    AC: 11    Str: 21    XL:     8   Next: 28%
MP:   11/13         EV: 16    Int: 16    God:    Okawaru [**....]
Gold: 304           SH:  0    Dex:  8    Spells: 2/11 levels left

rFire   . . .        b - +4 flail
rCold   . . .        (no shield)
rNeg    . . .        B - +2 ring mail {rPois}
rPois   +            y - +0 helmet
rElec   .            (no cloak)
rCorr   .            (no gloves)
SInv    .            f - +1 pair of boots
Will    .....        (no amulet) Stlth
                     w - +5 ring of evasion
HPRegen 0.24/turn    d - +6 ring of strength
MPRegen 0.13/turn

%: no passive effects
@: mesmerised, extremely drained
A: runic magic, artefact enchanting, talons 1, high MP 2
a: Renounce Religion, Heroism


You were on level 6 of the Dungeon.
You worshipped Okawaru.
Okawaru was pleased with you.
You visited 1 branch of the dungeon, and saw 6 of its levels.

You collected 304 gold pieces.

Inventory:

Hand Weapons
 a - a +0 hand axe
 b - a +4 flail (weapon)
Armour
 f - a +1 pair of boots (worn)
 y - a +0 helmet (worn)
 B - a +2 ring mail of poison resistance (worn)
Jewellery
 d - a +6 ring of strength (right hand)
 k - a ring of magical power
 w - a +5 ring of evasion (left hand)
Wands
 A - a wand of flame (27)
Scrolls
 c - 2 scrolls of enchant armour
 e - a scroll of poison {unknown}
 h - a scroll of silence {unknown}
 i - a scroll of brand weapon {unknown}
 j - a scroll of torment {unknown}
 m - a scroll of noise {unknown}
 n - 2 scrolls of revelation
 p - a scroll of enchant weapon
 r - a scroll of fog {unknown}
 z - a scroll of amnesia {unknown}
Potions
 g - a potion of ambrosia
 l - a potion of invisibility
 q - a potion of attraction
 s - 2 potions of curing
 t - a potion of mutation {!q}
 u - 2 potions of brilliance {unknown}
 v - a potion of enlightenment
 x - a potion of heal wounds {unknown}


   Skills:
 - Level 2.1 Fighting
 + Level 8.6 Axes
 + Level 4.7 Armour
 - Level 1.3 Dodging
 - Level 2.0 Spellcasting
 - Level 4.2 Conjurations
 - Level 5.0 Necromancy


You had 2 spell levels left.
You knew the following spells:

 Your Spells              Type           Power      Damage    Failure   Level
a - Kiss of Death         Conj/Necr      64%        2d10      3%          1
b - Momentum Strike       Conj/Tloc      16%        3d8       14%         2
c - Fugue of the Fallen   Necr           17%        N/A       9%          3
d - Magic Dart            Conj           60%        1d6       4%          1
e - Blink                 Tloc           2%         N/A       34%         2

Your spell library contained the following spells:

 Spells                   Type           Power      Damage    Failure   Level
 Hailstorm                Conj/Ice       8%         3d5       28%         3
 Ozocubu's Armour         Ice            1%         N/A       56%         3
 Sigil of Binding         Hex            1%         N/A       56%         3
 Dimensional Bullseye     Hex/Tloc       0%         N/A       92%         4
 Manifold Assault         Tloc           1%         N/A       92%         4
 Call Imp                 Summ           Unusable   N/A       N/A         2
 Call Canine Familiar     Summ           Unusable   N/A       N/A         3

Dungeon Overview and Level Annotations

Branches:
Dungeon (6/15)
 Temple: D:4-7

Altars:
Cheibriados
Okawaru

Shops:
D:1 [[*

Annotations:
D:5 1 runed translucent door, Crazy Yiuf
D:6 Maggie


Innate Abilities, Weirdness & Mutations

Your spellcasting is much less encumbered by armour.
You can use scrolls of enchantment on lesser artefacts.
You have sharp toenails.
You have a considerably increased reservoir of magic. (+20% MP)


Message History

Aiming: Kiss of Death (safe; 3% risk of failure)
Press: ? - help, Shift-Dir - straight line, f/p - Duvessa
Aim: Duvessa, wielding a +0 short sword, wearing a +2 ring mail of poison resistance and carrying a wand of flame (heavily wounded, berserk, heavily drained, 100% to hit)
The fragment of death hits Duvessa.
Duvessa is drained!
Duvessa is severely wounded.
You feel drained. Duvessa hits you with a +0 short sword!
Duvessa hits you but does no damage.
Casting: Kiss of Death (safe; 3% risk of failure)
Confirm with . or Enter, or press ? or * to list all spells.
Aiming: Kiss of Death (safe; 3% risk of failure)
Press: ? - help, Shift-Dir - straight line, f/p - Duvessa
Aim: Duvessa, wielding a +0 short sword, wearing a +2 ring mail of poison resistance and carrying a wand of flame (severely wounded, berserk, heavily drained, 100% to hit)
The fragment of death hits Duvessa but does no damage.
Duvessa is drained!
Duvessa is severely wounded.
You feel drained.
You are no longer robbed of momentum.
Duvessa hits you but does no damage.
Casting: Kiss of Death (safe; 3% risk of failure)
Confirm with . or Enter, or press ? or * to list all spells.
Aiming: Momentum Strike (safe; 14% risk of failure)
Press: ? - help, Dir - move target, f/p - Duvessa
Aim: Duvessa, wielding a +0 short sword, wearing a +2 ring mail of poison resistance and carrying a wand of flame (severely wounded, berserk, heavily drained, 77% to hit)
The concentrated momentum hits Duvessa!
Duvessa is almost dead.
You are unable to move.
Duvessa closely misses you. Duvessa misses you.
Casting: Momentum Strike (safe; 14% risk of failure)
Confirm with . or Enter, or press ? or * to list all spells.
Aiming: Kiss of Death (safe; 3% risk of failure)
Press: ? - help, Shift-Dir - straight line, f/p - Duvessa
Aim: Duvessa, wielding a +0 short sword, wearing a +2 ring mail of poison resistance and carrying a wand of flame (almost dead, berserk, heavily drained, 100% to hit)
The fragment of death hits Duvessa.
Duvessa is drained!
You kill Duvessa!
Okawaru accepts your kill.
You feel drained.
You start resting.
You are no longer robbed of momentum.
You start resting.
HP restored.
Unknown command.
A - a wand of flame (27)
Items here: )) [[ †.
B - a +2 ring mail of poison resistance You start removing your armour.
You continue taking off your +0 leather armour. x4
You finish taking off your +0 leather armour.
You start putting on your armour.
You continue putting on your +2 ring mail of poison resistance. x5
You finish putting on your +2 ring mail of poison resistance.
You feel resistant to poison.
You drop a +0 leather armour.
Magic restored.
Found a sling.
Found a plate armour.
There is a broken door here.
You see here a +0 plate armour.
Found a chain mail.
Found an escape hatch in the floor.
You now have 304 gold pieces (gained 5).
Maggie the Vainglorious comes into view.
She is wielding a +0 halberd.
Maggie shouts!
Okay, then.
Casting: Kiss of Death (safe; 3% risk of failure)
Confirm with . or Enter, or press ? or * to list all spells.
Aiming: Momentum Strike (safe; 14% risk of failure)
Press: ? - help, Dir - move target, f - Maggie
Aim: Maggie, wielding a +0 halberd and wearing +0 steam dragon scales (68% to hit)
Okay, then.
Okay, then.
You start waiting.
Maggie is nearby!
Casting: Momentum Strike (safe; 14% risk of failure)
Confirm with . or Enter, or press ? or * to list all spells.
Aiming: Momentum Strike (safe; 14% risk of failure)
Press: ? - help, Dir - move target, f - Maggie
Aim: Maggie, wielding a +0 halberd and wearing +0 steam dragon scales (68% to hit)
The concentrated momentum misses Maggie.
Maggie hits you from afar with a +0 halberd!
Ouch! That really hurt!
Okay, then.
Okay, then.
Okay, then.
Okay, then.
Okay, then.
Okay, then.
Okay, then.
Okay, then.
As you read the scroll labelled KINOOVEIRO, it crumbles to dust.
You feel aware of your surroundings.
You sensed 4 altars, and 1 shop/portal.
It was a scroll of revelation.
Maggie gestures wildly while chanting.
Maggie attempts to bespell you!
You are mesmerised by Maggie!
As you read the scroll labelled BOACSYIFUR, it crumbles to dust.
It is a scroll of enchant weapon.
Your +3 flail glows red for a moment.
Maggie casts a spell at you. The bolt of fire hits you!!
Ouch! That really hurt!
You die...

...# *,,,***,,***.......* *,****
...#***,*.#......#.......* *,* *,
...#*,,,#.#......#.......* *,* *,
...##.###.########.....$.* *,* *,
.........................* *,* *,
..##########...###.......* *,* *,
#...........>.@##########***+***,
....##########..######## *,,,,,,*
#.#.#.....).....@..#######.,,,,,*
#.#.'......................,,,,,+
#[###..................###,,,,,,*
#.# #....##########.##.# *,,,,,,*
..# #[...##########..#.# *,,,,,,*
#####....###########...##*,,,,,,*
........................#*,,,,,,*
####################.#..#*,,,,,,*
********* *#.#.....,,,,,*


You could see Maggie (mesmerising).

Vanquished Creatures
  Duvessa (D:6)
  2 sky beasts
  A black bear (D:6)
  An ogre (D:5)
  A centaur (D:5)
  3 scorpions
  Dowan (D:6)
  4 bombardier beetles
  3 hounds (D:5)
  2 jellies (D:5)
  Natasha (D:2)
  3 adders
  2 shadow imps
  A white imp (D:5)
  2 ribbon worms
  2 dart slugs (D:2)
  An orc (D:2)
  10 endoplasms
  3 giant cockroaches
  8 goblins
  7 hobgoblins
  8 jackals
  2 quokkas (D:1)
  12 ball pythons
  3 bats
  5 frilled lizards
  8 kobolds
  8 rats
105 creatures vanquished.

Notes
Turn   | Place    | Note
-------+----------+-------------------------------------------
     0 | D:1      | edsrzf the Mountain Dwarf Reaver began the quest for the
                  | Orb.
     0 | D:1      | Reached XP level 1. HP: 17/17 MP: 3/3
    66 | D:1      | Reached skill level 2 in Spellcasting
   121 | D:1      | Reached skill level 3 in Conjurations
   155 | D:1      | Reached XP level 2. HP: 24/24 MP: 5/5
   188 | D:1      | Found Peorror's Armour Shoppe.
   204 | D:1      | Reached skill level 1 in Necromancy
   209 | D:1      | Found Pusooh's Assorted Antiques.
   309 | D:1      | Found Eklyl's Antique Armour Emporium.
   385 | D:1      | Reached XP level 3. HP: 24/29 MP: 6/6
   763 | D:1      | Reached skill level 2 in Necromancy
  1362 | D:2      | Reached XP level 4. HP: 12/36 MP: 7/7
  1780 | D:2      | Noticed a scorpion
  1786 | D:2      | Killed a scorpion
  1787 | D:2      | Reached skill level 4 in Conjurations
  1787 | D:2      | Reached skill level 3 in Necromancy
  1787 | D:2      | Reached XP level 5. HP: 37/41 MP: 8/8
  1814 | D:2      | Learned a level 2 spell: Momentum Strike
  1933 | D:2      | Reached skill level 4 in Axes
  1990 | D:2      | Noticed Natasha
  1996 | D:2      | Killed Natasha
  2344 | D:3      | Reached skill level 5 in Axes
  2365 | D:3      | Learned a level 3 spell: Fugue of the Fallen
  2573 | D:3      | Found an iron altar of Okawaru.
  2578 | D:3      | Became a worshipper of Warmaster Okawaru
  2693 | D:3      | Reached XP level 6. HP: 48/48 MP: 9/9
  2698 | D:3      | Found a faded altar of an unknown god.
  3202 | D:4      | Identified 3 scrolls of identify
  3202 | D:4      | Identified a potion of ambrosia
  3203 | D:4      | Identified a potion of invisibility
  3204 | D:4      | Identified a potion of degeneration
  3234 | D:5      | Entered Level 5 of the Dungeon
  3264 | D:5      | Reached skill level 4 in Necromancy
  3405 | D:5      | Reached skill level 6 in Axes
  3567 | D:5      | Reached * piety under Okawaru
  3608 | D:5      | Reached skill level 5 in Necromancy
  3608 | D:5      | Reached XP level 7. HP: 55/55 MP: 7/10
  3723 | D:5      | Identified 3 scrolls of enchant armour
  3724 | D:5      | Identified 2 scrolls of summoning
  3727 | D:5      | Reached skill level 1 in Armour
  3727 | D:5      | Identified 2 potions of attraction
  3738 | D:5      | Identified 2 potions of mutation
  3738 | D:5      | Gained mutation: You have sharp toenails. [potion of
                  | mutation]
  3738 | D:5      | Gained mutation: You have an increased reservoir of magic.
                  | (+10% MP) [potion of mutation]
  3738 | D:5      | Gained mutation: You have a considerably increased
                  | reservoir of magic. (+20% MP) [potion of mutation]
  3739 | D:5      | Identified 2 potions of enlightenment
  3739 | D:5      | HP: 2/50 [poisoned by a scorpion]
  3740 | D:5      | Identified a potion of curing
  3742 | D:5      | Reached skill level 7 in Axes
  3742 | D:5      | Reached skill level 2 in Armour
  4132 | D:5      | Reached skill level 3 in Armour
  4148 | D:5      | Found a snail-covered altar of Cheibriados.
  4183 | D:5      | Found a runed translucent door.
  4184 | D:5      | Noticed Crazy Yiuf
  4315 | D:5      | Learned a level 1 spell: Magic Dart
  4318 | D:5      | Learned a level 2 spell: Blink
  4666 | D:6      | Reached XP level 8. HP: 50/61 MP: 8/13
  4689 | D:5      | Reached skill level 8 in Axes
  4774 | D:6      | Reached ** piety under Okawaru
  4775 | D:6      | Reached skill level 4 in Armour
  4847 | D:6      | Noticed Duvessa
  4847 | D:6      | Noticed Dowan
  4867 | D:6      | Killed Dowan
  4874 | D:6      | Killed Duvessa
  4986 | D:6      | Noticed Maggie
  4997 | D:6      | Identified 3 scrolls of revelation
  4998 | D:6      | Identified 2 scrolls of enchant weapon
  4998 | D:6      | Killed from afar by Maggie

Illustrated notes

Levels and vault maps discovered:
D:1:      elethiomel_arrival_infinity_welcomes_careful_drivers, layout_basic,
          serial_bayou, serial_bayou_shore_a, serial_bayou_ford_a,
          serial_bayou_pond_b, serial_bayou_crossing, serial_shops, shop, shop,
          shop, minmay_cupped
D:2:      layout_basic, minmay_pentomino_x4, uniq_natasha
D:3:      layout_basic, mainiacjoe_overflow_alcove_2,
          nicolae_ecumenical_snake_handling, supply_closet_lemuel
D:4:      layout_rooms, minmay_statues_item
D:5:      layout_loops_cross, cheibriados_altar_1, minmay_crossroads,
          uniq_crazy_yiuf_cottage
D:6:      layout_basic, nicolae_overflow_hidden_temple, serial_shops,
          nicolae_shop_hallway_plus, uniq_duvessa, uniq_maggie

Skill      XL: |  1  2  3  4  5  6  7  8 |
---------------+-------------------------+-----
Spellcasting   | 2 |  2.0
Conjurations   | 3 4 |  4.2
Necromancy     | 1 2 3 5 |  5.0
Axes           | 5 6 7 8 |  8.6
Armour         | 3 4 |  4.7
Fighting       | |  2.1
Dodging        | |  1.3

Action                     |  1- 3 |  4- 6 |  7- 9 || total
---------------------------+-------+-------+-------++-------
  Melee: Hand axe          |    97 |    38 |       ||   135
         Flail             |       |   121 |    55 ||   176
   Cast: Momentum Strike   |       |     1 |    17 ||    18
         Kiss of Death     |       |     1 |     6 ||     7
    Use: Scroll            |       |     3 |     4 ||     7
         Potion            |       |       |     4 ||     4
 Armour: Leather armour    |    60 |    99 |    52 ||   211
         Ring mail         |       |       |     2 ||     2
  Dodge: Dodged            |    62 |   131 |    75 ||   268

Table legend: (Time is in decaauts)
 A = Elapsed time spent in this place.
 B = Non-inter-level travel time spent in this place.
 C = Inter-level travel time spent in this place.
 D = Time resting spent in this place.
 E = Time spent auto-exploring this place.
 F = Levels seen in this place.
 G = Mean time per level.
                   A        B        C        D        E       F      G
               +--------+--------+--------+--------+--------+-----+--------+
         Total |   5093 |   4846 |    247 |    718 |   3057 |   6 |  848.8 |
       Dungeon |   5093 |   4846 |    247 |    718 |   3057 |   6 |  848.8 |
               +--------+--------+--------+--------+--------+-----+--------+

Top non-repeatable levels by time:
     D:1: 1380 daAuts
     D:5: 1365 daAuts
     D:2: 877 daAuts
     D:3: 655 daAuts
     D:6: 416 daAuts
     D:4: 398 daAuts
